 Dungeon Crawl Stone Soup version 0.16.1-2-g95b8d4c (webtiles) character file.

99 sugabear the Skirmisher (level 4, -8/35 HPs)
             Began as a Mummy Fighter on Mar 25, 2015.
             Killed from afar by an orc wizard (10 damage)
             ... with a puff of flame
             ... on level 3 of the Dungeon.
             The game lasted 00:03:11 (2840 turns).

sugabear the Skirmisher (Mummy Fighter)             Turns: 2840, Time: 00:03:12

Health: -8/35      AC:  6    Str: 20    XL:     4   Next: 45%
Magic:  4/4        EV:  7    Int:  7    God:
Gold:   168        SH:  9    Dex: 11    Spells: 0 memorised, 3 levels left

rFire  x . .     SeeInvis .     a - +0 war axe
rCold  + . .     Clarity  .     b - +0 scale mail
rNeg   + + +     SustAb   .     c - +0 shield
rPois  ∞         Gourm    .     (no helmet)
rElec  .         Spirit   .     (no cloak)
rCorr  .         Warding  .     (no gloves)
rMut   .         Stasis   .     (no boots)
MR     .....                    (no amulet)
Stlth  ..........               (no ring)
                                (no ring)

@: not resistant to hostile enchantments, extremely unstealthy
A: no food or potions, fire vulnerability, restore body, cold resistance 1,
negative energy resistance 3, poison resistance, torment resistance, unbreathing
a: no special abilities


You were on level 3 of the Dungeon.
You were not hungry.

You visited 1 branch of the dungeon, and saw 3 of its levels.

You collected 168 gold pieces.

Inventory:

Hand weapons
 a - a +0 war axe (weapon)
Armour
 b - a +0 scale mail (worn)
 c - a +0 shield (worn)
 d - a +0 helmet
Jewellery
 e - a +5 ring of dexterity {unknown}
Magical devices
 j - a wand of teleportation (4)
Scrolls
 f - a scroll of enchant weapon {unknown}
 g - 2 scrolls of remove curse {unknown}
 h - a scroll of fear {unknown}
 i - 3 scrolls of teleportation {unknown}
 k - a scroll of identify {unknown}


   Skills:
 * Level 3.3 Fighting
 * Level 2.0 Axes
 + Level 2.8 Armour
 + Level 1.2 Dodging
 + Level 0.3 Stealth
 + Level 3.1 Shields
 * Level 0.3 Evocations


You had 3 spell levels left.
You didn't know any spells.

Dungeon Overview and Level Annotations

Branches:
Dungeon (3/15)

Altars:
Cheibriados


Innate Abilities, Weirdness & Mutations

You do not eat or drink.
Your flesh is vulnerable to fire.
Your flesh is cold resistant.
You are immune to negative energy.
Your system is resistant to poisons.
You are immune to unholy pain and torment.
You can survive without breathing.


Message History

You closely miss the orc wizard.
The orc wizard is lightly wounded.
You block the orc wizard's attack.
The orc wizard points at you and mumbles some strange words.
You resist with some effort.
The orc wizard hits you but does no damage. x2
You hit the orc wizard but do no damage.
The orc wizard is moderately wounded.
You hit the orc wizard!
The orc wizard is severely wounded.
You block the orc wizard's attack.
The orc wizard hits you but does no damage.
Unknown command.
You hit the orc wizard.
The orc wizard is heavily wounded.
You closely miss the orc wizard.
The orc wizard is severely wounded.
The orc wizard gestures at you while chanting.
The puff of flame hits you! The fire burns you terribly!
You die...

.........##....#........#........
###..[....#....#..#..##..........
.........##....#.................
......................#.#.#.#....
.......#.##.####..#.###.#.###....
....!.....................# #....
....#........<...##.###.### #....
..#.#..#.##......##.# #.# #....
....).((.##.....@#..###.###.#....
..#.#....##....oo#...............
.....!..................###.#....
.##)#....##.....##....#.....#....
....#....##.....##..##o...#.#....
.####...........##..##....#.#.#..
....................##....#.# ..
......##.#................#.#+#..
............#.............{......


You could see 2 orc wizards.

Vanquished Creatures
  4 adders
  A worm (D:3)
  A giant gecko (D:1)
  4 orcs
  5 bats
  4 giant cockroaches
  3 hobgoblins
  4 jackals (D:1)
  A quokka (D:3)
  3 giant newts
  8 goblins
  9 kobolds
  7 rats
54 creatures vanquished.

Notes
Turn   | Place    | Note
--------------------------------------------------------------
     0 | D:1      | sugabear, the Mummy Fighter, began the quest for the Orb.
     0 | D:1      | Reached XP level 1. HP: 18/18 MP: 1/1
   184 | D:1      | Reached XP level 2. HP: 20/24 MP: 2/2
   903 | D:2      | Reached XP level 3. HP: 29/29 MP: 3/3
  1331 | D:2      | Found a snail-covered altar of Cheibriados.
  1679 | D:3      | Reached skill level 1 in Dodging
  2107 | D:3      | Reached XP level 4. HP: 26/35 MP: 4/4
  2831 | D:3      | HP: 1/35 [orc wizard/dagger (1)]
  2837 | D:3      | HP: 1/35 [orc wizard/dagger (1)]
  2840 | D:3      | Killed from afar by an orc wizard

Action                   |  1- 3 |  4- 6 || total
-------------------------+-------+-------++-------
Melee: War axe           |   153 |    46 ||   199
